 Dungeon Crawl Stone Soup version 0.17-a0-1617-gfba1302 (webtiles) character file.

8709 MikeDS the Blocker (level 11, 0/99 HPs)
             Began as a Minotaur Fighter on Aug 1, 2015.
             Was a High Priest of Okawaru.
             Succumbed to a spiny frog's poison
             ... on level 1 of the Lair of Beasts.
             The game lasted 01:53:36 (10927 turns).

MikeDS the Blocker (Minotaur Fighter)              Turns: 10927, Time: 01:53:42

Health: 0/99       AC:  7    Str: 24    XL:     11   Next: 13%
Magic:  11/13      EV: 14    Int:  5    God:    Okawaru [*****.]
Gold:   447        SH: 15    Dex: 14    Spells: 0 memorised, 10 levels left

rFire  . . .     SeeInvis .     a - +4 spear (venom)
rCold  . . .     Clarity  .     W - +0 troll leather armour
rNeg   . . .     SustAt   .     c - +1 shield
rPois  .         Gourm    +     i - +1 hat
rElec  .         Spirit   .     (no cloak)
rCorr  .         Warding  .     (no gloves)
rMut   .         Stasis   .     (no boots)
MR     .....                    G - amulet of the gourmand
Stlth  ++++......               T - ring of stealth
                                O - +4 ring of dexterity

@: lethally poisoned (0 -> -17), heroism, not resistant to hostile enchantments,
stealthy
A: retaliatory headbutt, horns 2
a: Heroism, Finesse, Renounce Religion


You were on level 1 of the Lair of Beasts.
You worshipped Okawaru.
Okawaru was extremely pleased with you.
You were not hungry.

You visited 3 branches of the dungeon, and saw 15 of its levels.

You collected 447 gold pieces.

Inventory:

Hand weapons
 a - a +4 spear of venom (weapon)
 b - a +1 eveningstar of holy wrath
 v - a +1 war axe
 y - a +1 flail of venom
 J - a +1 whip of holy wrath
 S - a +1 whip of freezing
Missiles
 C - 3 throwing nets
 K - 3 tomahawks of returning (quivered)
 L - 3 tomahawks of dispersal
Armour
 c - a +1 shield (worn)
 i - a +1 hat (worn)
 x - a steam dragon hide
 Q - a +0 plate armour
 W - a +0 troll leather armour (worn)
Jewellery
 q - an uncursed ring of flight
 s - an uncursed amulet of rage
 G - an amulet of the gourmand (around neck)
 O - a +4 ring of dexterity (left hand)
 R - a +3 ring of intelligence
 T - a ring of stealth (right hand)
 V - an uncursed amulet of regeneration {unknown}
Magical devices
 k - a wand of polymorph (22)
 E - a wand of lightning (1)
 N - a wand of confusion (29)
 P - a wand of polymorph (9)
Scrolls
 f - 5 scrolls of identify
 h - a scroll of enchant weapon
 j - a scroll of random uselessness {unknown}
 l - 2 scrolls of magic mapping
 n - a scroll of amnesia
 p - 2 scrolls of fog
 r - 2 scrolls of remove curse
 z - 2 scrolls of vulnerability
 B - a scroll of teleportation
 D - a scroll of noise
 H - a scroll of recharging
Potions
 d - 4 potions of might
 m - 2 potions of flight
 A - a potion of haste
 F - a potion of ambrosia
 U - a potion of mutation {unknown}
Books
 I - a book of Debilitation

   Spells                             Type                      Level
   a - Corona                         Hexes                        1
   b - Slow                           Hexes                        2
   c - Gell's Gravitas                Hexes/Translocation          3
   d - Inner Flame                    Hexes/Fire                   3
   e - Cause Fear                     Hexes                        4
   f - Leda's Liquefaction            Hexes/Earth                  4
 M - a book of the Dragon

   Spells                             Type                      Level
   a - Flame Tongue                   Conjuration/Fire             1
   b - Cause Fear                     Hexes                        4
   c - Bolt of Fire                   Conjuration/Fire             6
   d - Dragon Form                    Transmutation                7
   e - Dragon's Call                  Summoning                    9
Comestibles
 e - 8 bread rations
 g - 5 beef jerkies
 o - 2 slices of pizza
 t - 6 fruits
 u - 2 chunks of flesh


   Skills:
 * Level 9.7(14.7) Fighting
 - Level 8.8(13.8) Maces & Flails
 * Level 5.1(10.1) Polearms
 + Level 3.6(8.6) Throwing
 * Level 9.6(14.6) Armour
 * Level 9.8(14.8) Shields
 + Level 4.6 Invocations
 + Level 4.3 Evocations


You had 10 spell levels left.
You didn't know any spells.

Dungeon Overview and Level Annotations

Branches:
Dungeon (12/15)            Temple (1/1) D:4            Lair (2/8) D:11
    Orc: D:9-12

Altars:
Ashenzari
Cheibriados
Dithmenos
Elyvilon
Fedhas
Gozag
Kikubaaqudgha
Makhleb
Nemelex Xobeh
Okawaru
Qazlal
Ru
Sif Muna
Trog
Vehumet
Xom
Yredelemnul
Zin
The Shining One

Annotations:
Lair:1 asdu's ghost, experienced CeBe


Innate Abilities, Weirdness & Mutations

You reflexively headbutt those who attack you in melee.
You have a pair of horns on your head.


Message History

You gain the combat prowess of a mighty hero.
You feel slightly more hungry.
You feel sick. The spiny frog stings you!!
You are more poisoned.
The spiny frog poisons you! You block the crocodile's attack.
You hit the spiny frog.
The spiny frog is poisoned.
You headbutt the spiny frog.
The spiny frog is moderately wounded.
You feel sick. You block the spiny frog's attack.
You block the crocodile's attack.
You hit the spiny frog.
The spiny frog is moderately wounded.
You feel sick. The spiny frog stings you!!
* * * LOW HITPOINT WARNING * * *
* * * LOW HITPOINT WARNING * * *
You feel very sick. You block the crocodile's attack.
The spiny frog stings you!
* * * LOW HITPOINT WARNING * * *
You climb upwards.
Level annotation: asdu's ghost, experienced CeBe You die...

##..#.......
+.P.#P+#.#.##
###P...........
#.##.##%..........
.......<..........
.................. .
...........#......
.. #..##.....Wt#####
..# #. #.....@.....#
.... . #.....F.#...+
....#
#......Y##..#......
#....#.t....'.....+
#.....#....#.#...##.
......#....#.# ##..8
.#.....Y...### .
#.....#..Y.
........#...


You could see 3 yaks, a spiny frog, 2 crocodiles and asdu's ghost.

Vanquished Creatures
  Nergalle (D:10)
  A hill giant (D:10)
  A manticore (D:11)
  Psyche (D:9)
  A troll (D:11)
  2 two-headed ogres
  A trapdoor spider (D:10)
  3 yaks
  3 hippogriffs
  A hungry ghost (D:11)
  A steam dragon (D:11)
  Duvessa (D:4)
  A water moccasin (Lair:1)
  5 orc warriors
  A necrophage (D:11)
  5 ice beasts
  2 ogres
  8 centaurs
  5 giant frogs
  2 big kobolds
  Dowan (D:3)
  A water moccasin zombie (D:9)
  3 scorpions
  6 killer bees
  4 wights (D:11)
  2 jellies (D:7)
  4 crimson imps
  3 hounds
  2 centaur zombies
  4 giant frog zombies
  3 giant frog skeletons
  11 orc priests
  Ijyb (D:3)
  A centaur skeleton (D:11)
  10 orc wizards
  5 iguanas
  6 worker ants
  A killer bee zombie (D:9)
  9 adders
  18 gnolls
  2 shadow imps
  2 oozes
  2 adder zombies
  2 adder skeletons
  2 worms (D:3)
  6 giant geckos
  37 orcs
  11 bats
  5 giant cockroaches
  7 goblins
  9 hobgoblins
  11 jackals
  4 quokkas
  2 ball pythons
  2 giant newts
  19 kobolds
  A quokka skeleton (D:4)
  4 rats (D:1)
269 creatures vanquished.

Vanquished Creatures (others)
  A jelly (D:9)
  2 jackals (D:4)
3 creatures vanquished.

Grand Total: 272 creatures vanquished

Notes
Turn   | Place    | Note
--------------------------------------------------------------
     0 | D:1      | MikeDS the Minotaur Fighter began the quest for the Orb.
     0 | D:1      | Reached XP level 1. HP: 19/19 MP: 0/0
    65 | D:1      | Reached skill level 4 in Shields
    80 | D:1      | Reached XP level 2. HP: 27/27 MP: 1/1
   485 | D:1      | Reached XP level 3. HP: 33/33 MP: 2/2
   939 | D:2      | Found an iron altar of Okawaru.
   948 | D:2      | Found an opulent altar of Gozag.
   954 | D:2      | Became a worshipper of Warmaster Okawaru
  1913 | D:3      | Reached XP level 4. HP: 38/40 MP: 3/3
  2100 | D:3      | Reached skill level 5 in Shields
  2134 | D:3      | Noticed Ijyb
  2157 | D:3      | Killed Ijyb
  2157 | D:3      | Reached XP level 5. HP: 42/46 MP: 4/4
  2743 | D:3      | Found a stormy altar of Qazlal.
  2752 | D:3      | Acquired Okawaru's first power
  2762 | D:3      | Reached skill level 5 in Armour
  2762 | D:3      | Reached XP level 6. HP: 35/55 MP: 5/5
  3065 | D:4      | Reached skill level 5 in Fighting
  3151 | D:4      | Reached skill level 1 in Polearms
  3278 | D:5      | Entered Level 5 of the Dungeon
  3278 | D:5      | Found a shadowy altar of Dithmenos.
  3401 | D:4      | Noticed Duvessa
  3402 | D:4      | Noticed Dowan
  3436 | D:4      | Killed Duvessa
  3436 | D:4      | Reached skill level 5 in Maces & Flails
  3436 | D:4      | Reached skill level 6 in Shields
  3436 | D:4      | Reached XP level 7. HP: 44/61 MP: 6/6
  3468 | D:3      | Killed Dowan
  3468 | D:3      | Reached skill level 1 in Invocations
  3701 | D:4      | Found a shadowy altar of Dithmenos.
  3721 | D:4      | Found a shimmering altar of Xom.
  3725 | D:4      | Found a sparkling altar of Nemelex Xobeh.
  3881 | D:4      | Found a staircase to the Ecumenical Temple.
  3890 | Temple   | Entered the Ecumenical Temple
  4063 | D:5      | Found a radiant altar of Vehumet.
  4466 | D:5      | Reached skill level 1 in Evocations
  4702 | D:6      | Reached XP level 8. HP: 68/70 MP: 8/8
  5029 | D:7      | Found a sacrificial altar of Ru.
  5324 | D:7      | Reached skill level 7 in Shields
  6429 | D:8      | Reached XP level 9. HP: 79/79 MP: 9/9
  6469 | D:8      | Reached skill level 1 in Throwing
  6720 | D:8      | Noticed Psyche
  6747 | D:8      | Paralysed by Psyche for 4 turns
  6776 | D:9      | Killed Psyche
  7800 | D:9      | Reached skill level 8 in Shields
  7807 | D:10     | Entered Level 10 of the Dungeon
  8206 | D:11     | Noticed a hill giant
  8398 | D:10     | Acquired Okawaru's second power
  8591 | D:9      | Reached XP level 10. HP: 59/88 MP: 8/11
  8728 | D:10     | Received a gift from Okawaru
  8780 | D:10     | Noticed Nergalle
  9210 | D:10     | Killed a hill giant
  9526 | D:11     | Reached skill level 9 in Fighting
  9532 | D:11     | Noticed a manticore
  9744 | D:10     | Killed Nergalle
  9790 | D:11     | Killed a manticore
  9825 | D:11     | Found a snail-covered altar of Cheibriados.
  9903 | D:11     | Found a staircase to the Lair.
 10012 | D:11     | Reached skill level 5 in Polearms
 10115 | D:11     | Reached XP level 11. HP: 97/97 MP: 13/13
 10150 | D:11     | Found a deep blue altar of Sif Muna.
 10308 | D:12     | Noticed a hill giant
 10555 | D:11     | Noticed a white ugly thing
 10566 | D:11     | HP: 3/99 [white ugly thing (32)]
 10847 | Lair:1   | Entered Level 1 of the Lair of Beasts
 10905 | Lair:1   | Noticed asdu's ghost (experienced CeBe)
 10926 | Lair:2   | HP: 3/99 [spiny frog (14)]
 10927 | Lair:1   | Succumbed to a spiny frog's poison

Vault maps used:
D:1:      dpeg_arrival_boxes_within_box
D:2:      grunt_temple_overflow_open
D:3:      nicolae_overflow_crystal_walls, uniq_iyjb
D:4:      minitemple, nicolae_dithmenos_through_a_glass_darkly,
          lemuel_temple_firewalk, uniq_duvessa
D:5:      fiery_altar_vehumet, basic_altar, first_bread
D:6:      kennysheep_big_flooded_room
D:7:      nicolae_ru_awakened_eye
D:8:      hangedman_ranch, uniq_psyche
D:10:     uniq_nergalle
D:11:     lair_0_dummy, hangedman_feature_mirror, amalloy_card_club
D:12:     orc_0_dummy
Temple:   triangle_lava_temple_11
Lair:1:   grunt_megastairs_4
Lair:2:   beast_lair_carwin_1, serial_bayou_shore_b, uniq_gastronok

Action                   |  1- 3 |  4- 6 |  7- 9 | 10-12 || total
-------------------------+-------+-------+-------+-------++-------
Melee: Flail             |   100 |   141 |   163 |    67 ||   471
       Spear             |       |    51 |   176 |   109 ||   336
       War axe           |       |       |    26 |     7 ||    33
       Eveningstar       |       |       |       |    31 ||    31
       Whip              |       |       |       |    18 ||    18
Throw: Tomahawk          |       |       |    13 |    23 ||    36
Invok: Heroism           |       |       |     2 |     3 ||     5
 Abil: Evoke Berserk Rag |       |     1 |     1 |       ||     2
Evoke: Wand              |       |       |       |     1 ||     1
  Use: Potion            |     2 |       |     3 |     3 ||     8
       Scroll            |       |     7 |    11 |     4 ||    22
 Stab: Confused          |       |       |     1 |       ||     1
  Eat: Chunk             |     3 |     5 |     4 |     3 ||    15
       Meat ration       |       |       |     3 |     1 ||     4
